Map: Cyber Forest LE

Players

JYan

  • Race: Zerg Zerg
  • League: Master
  • Spawn Location: 11:00

Bundaberg - Winner!

  • Race: Zerg Zerg
  • League: Master
  • Spawn Location: 5:00

VOD

Have the link to the VOD?

Description

Time

  • Played on: Jan. 31, 2019, 11:56 p.m.
  • Length: 11:06
Show
View Real Time Build Order
Export as new Build Order

JYan Zerg 

Build Orders: Hatch First 

Get SALT Encoding   

  12  0:00  Drone  
  13  0:12  Overlord  
  13  0:17  Drone  
  14  0:30  Drone x2  
  16  0:48  Hatchery  
  15  0:52  Drone  
  15  0:55  Drone  
  17  0:59  Drone  
  18  1:09  Extractor  
  17  1:15  Spawning Pool  
  17  1:17  Drone  
  17  1:21  Drone  
  18  1:27  Drone  
  19  1:45  Overlord  
  19  2:01  Zergling x4  
  19  2:04  Zergling x2  
  22  2:19  Zergling x4  
  24  2:29  Zergling x4  
  24  2:36  Zergling x4  
  22  2:46  Zergling x4  
  22  2:57  Metabolic Boost  
  21  3:00  Zergling x4  
  23  3:10  Drone  
  23  3:11  Drone  
  25  3:20  Queen  
  25  3:23  Drone  
  28  3:31  Zergling x4  
  28  3:32  Zergling x2  
  31  3:41  Baneling Nest  
  30  3:45  Zergling x4  
  32  3:48  Zergling x2  
  33  4:03  Overlord  
  33  4:08  Zergling x4  
  35  4:25  Baneling x5  
  35  4:26  Baneling x2  
  35  4:31  Drone x5  
  38  4:35  Zergling x2  
  38  4:36  Zergling x4  
  32  4:53  Drone  
  32  4:54  Drone x3  
  33  5:12  Drone x2  
  35  5:16  Drone x2  
  35  5:17  Hatchery  
  35  5:19  Queen  
  37  5:27  Drone x2  
  39  5:31  Drone  
  40  5:38  Roach Warren  
  40  5:41  Evolution Chamber  
  38  5:43  Drone x3  
  38  5:47  Drone  
  38  5:49  Overlord  
  42  5:55  Overlord  
  42  6:01  Drone  
  43  6:11  Extractor, Drone x2  
  43  6:12  Extractor  
  43  6:14  Drone x3  
  46  6:22  Lair  
  45  6:31  Zerg Missile Weapons Level 1  
  43  6:43  Zergling x4  
  43  6:44  Zergling x4  
  47  6:50  Queen  
  47  6:51  Drone x2  
  51  6:55  Roach x5  
  51  6:57  Zergling x6  
  64  7:03  Overlord  
  64  7:07  Zergling x4  
  66  7:20  Overlord x2  
  64  7:29  Roach  
  64  7:31  Zergling x4  
  64  7:36  Ravager  
  59  7:39  Roach x3  
  59  7:40  Roach x6  
  75  7:49  Glial Reconstitution  
  73  7:57  Roach  
  75  8:01  Roach  
  75  8:02  Roach x3  
  75  8:04  Overlord x2  
  75  8:05  Extractor  
  78  8:11  Spine Crawler  
  77  8:16  Overlord x2  
  77  8:24  Roach x3  
  77  8:25  Roach  
  85  8:32  Zerg Missile Weapons Level 2  
  85  8:35  Zergling x2  
  85  8:36  Zergling x6  
  88  8:46  Roach x2  
  96  8:48  Roach x3  
  98  8:59  Roach x2  
  102  9:11  Roach x2  
  102  9:12  Overlord x3  
  104  9:25  Roach  
  104  9:28  Overseer  
  106  9:32  Ravager  
  106  9:33  Ravager  
  106  9:37  Roach x2  
  112  10:02  Overlord  
  112  10:03  Overlord x2  
  112  10:08  Roach x7  
  112  10:11  Ravager x2  
  112  10:12  Overlord x2  
  128  10:35  Roach x4  
  134  10:36  Roach x2  
Show
View Real Time Build Order
Export as new Build Order

Bundaberg Zerg - Winner!

Build Orders: Pool First 

Get SALT Encoding   

  12  0:18  Spawning Pool  
  11  0:22  Drone  
  11  0:26  Drone  
  13  0:31  Drone  
  14  0:40  Overlord  
  14  1:05  Zergling x2  
  14  1:06  Zergling x4  
  17  1:16  Zergling x2  
  18  1:20  Hatchery  
  17  1:27  Zergling x2  
  18  1:34  Queen  
  18  1:38  Zergling x2  
  21  1:49  Overlord  
  21  1:59  Drone  
  22  2:10  Drone, Queen  
  24  2:34  Queen  
  24  2:36  Drone x3  
  25  3:01  Queen  
  25  3:04  Drone  
  25  3:05  Drone x4  
  32  3:12  Queen  
  31  3:13  Spine Crawler  
  31  3:16  Overlord  
  32  3:26  Drone x3  
  35  3:31  Extractor x2  
  33  3:37  Drone, Queen  
  36  3:47  Drone x3  
  39  3:59  Drone x3  
  42  4:04  Drone  
  43  4:12  Overlord  
  43  4:17  Extractor, Queen  
  42  4:40  Drone, Queen  
  42  4:41  Drone x7  
  50  4:58  Lair  
  50  4:59  Drone  
  51  5:00  Drone  
  51  5:02  Overlord x2  
  52  5:08  Evolution Chamber  
  52  5:11  Roach Warren  
  52  5:13  Evolution Chamber  
  49  5:18  Drone x2  
  49  5:19  Drone  
  52  5:22  Drone x2  
  54  5:28  Extractor  
  54  5:32  Drone x2  
  54  5:33  Drone x3  
  58  5:37  Zerg Missile Weapons Level 1  
  58  5:38  Zerg Ground Armor Level 1  
  58  5:49  Overlord x2  
  58  5:51  Drone x2  
  58  5:53  Overlord  
  60  5:59  Overseer  
  60  6:03  Glial Reconstitution  
  60  6:07  Roach  
  60  6:08  Roach x2  
  66  6:16  Roach x2  
  66  6:17  Roach x2  
  74  6:38  Hatchery, Roach  
  74  6:39  Roach x4  
  83  6:42  Overlord  
  83  6:50  Roach  
  83  6:51  Roach x3  
  91  6:54  Overlord  
  91  7:07  Roach x4  
  95  7:30  Roach x5  
  95  7:31  Roach x2  
  97  7:48  Zerg Missile Weapons Level 2  
  97  7:51  Roach x7  
  111  8:00  Overlord x3  
  111  8:06  Drone x2  
  111  8:10  Zerg Ground Armor Level 2  
  111  8:11  Drone  
  114  8:18  Drone x3  
  114  8:19  Drone x4  
  121  8:23  Overlord x2  
  121  8:44  Tunneling Claws  
  121  8:45  Burrow  
  121  8:47  Roach x7  
  121  8:48  Roach  
  137  8:54  Overlord  
  137  8:59  Extractor, Drone x2  
  137  9:00  Drone x3  
  141  9:05  Roach  
  141  9:06  Roach x2  
  147  9:22  Roach x9  
  151  9:31  Overlord x2  
  149  9:32  Roach x2  
  149  9:33  Roach  
  155  9:46  Roach x3  
  161  9:58  Pneumatized Carapace  
  161  10:07  Roach  
  161  10:08  Roach x3  
  161  10:09  Overlord x5  
  161  10:10  Overlord  
  169  10:30  Hatchery  
  169  10:35  Roach  
  170  10:36  Roach x13  
  170  10:40  Roach x15  
Tags
 
Add a new tag
Caveats
  • Supply blocks, unpowered buildings, or Contaminate may cause inaccurate times.
  • Supply counts are checked every 10 seconds.